 Dungeon Crawl Stone Soup version 0.29.0-4-gdea44cf6ec (webtiles) character file.

Game seed: 632264796560279332

56 qw the Chopper (level 3, 0/23 HPs)
             Began as a Gargoyle Berserker on Sept 7, 2022.
             Was a Believer of Trog.
             Slain by an orc
             ... wielding a +0 dagger
              (1 damage)
             ... on level 3 of the Dungeon.
             The game lasted 00:00:42 (2347 turns).

qw the Chopper (Gargoyle Berserker)                 Turns: 2347, Time: 00:00:43

Health: 0/23       AC:  7    Str: 22    XL:     3   Next: 95%
Magic:  3/3        EV: 11    Int:  7    God:    Trog [**....]
Gold:   59         SH:  0    Dex:  9    Spells: 2/2 levels left

rFire   . . .      SeeInvis .   Y - +1 hand axe
rCold   . . .      Faith    .   (no shield)
rNeg    + . .      Spirit   .   f - +0 leather armour
rPois   inf        Reflect  .   (no helmet)
rElec   +          Harm     .   (no cloak)
rCorr   .          Rampage  .   c - +0 pair of gloves
Will    .....                   (no boots)
Stlth   +.........              (no amulet)
HPRegen 0.07/turn               (no ring)
MPRegen 0.08/turn               (no ring)

@: no status effects
A: sickness immunity, AC +3, negative energy resistance 1, electricity
resistance, torment resistance 1, petrification resistance
a: Renounce Religion, Berserk, Trog's Hand


You were on level 3 of the Dungeon.
You worshipped Trog.
Trog was pleased with you.
You visited 1 branch of the dungeon, and saw 3 of its levels.

You collected 59 gold pieces.


Innate Abilities, Weirdness & Mutations

You are immune to sickness and miasma.
Your stone body is resilient. (AC +3)
You are immune to poison.
You resist negative energy. (rN+)
You are resistant to electric shocks. (rElec)
You are resistant to unholy torment.
You are immune to petrification.


   Skills:
 - Level 3.2 Fighting
 + Level 4.3 Axes
 - Level 2.1 Armour
 - Level 1.5 Dodging


You had 2 spell levels left.
You didn't know any spells.
Your spell library was empty.

Inventory:

Hand Weapons
 g - a +0 mace of draining
 Y - a +1 hand axe (weapon)
Armour
 c - a +0 pair of gloves (worn)
 f - a +0 leather armour (worn)
Potions
 d - a potion of curing {unknown}
 e - a potion of mutation {unknown}

Dungeon Overview and Level Annotations

Branches:
Dungeon (3/15)

Altars:


Message History

Trog accepts your kill.
You closely miss something.
You hear some strange, mumbled words.
You are confused.
You completely miss something. Something hits you.
The orc hits you but does no damage.
You miss something. Something hits you but does no damage. The orc misses you.
The orc attacks as you move away! The orc barely misses you.
You barely miss the orc. You barely miss something.
The orc hits you with a +0 dagger.
You hear some strange, mumbled words.
You are more confused.
The orc barely misses you.
You barely miss something. Your punch misses something.
You closely miss the orc. The orc closely misses you.
You hear some strange, mumbled words.
Something tries to affect you, but you resist.
The orc hits you but does no damage. x2; The orc closely misses you.
Something hits you but does no damage. The orc hits you but does no damage.
You're too confused to move!
The orc hits you with a +0 dagger. The orc hits you but does no damage.
You barely miss the orc. x2; You miss something.
The orc hits you with a +0 war axe. Something hits you.
The orc closely misses you. The orc misses you.
You closely miss the orc. You miss something. You closely miss the orc.
The orc hits you but does no damage. The orc hits you with a +0 war axe!
Something hits you but does no damage. The orc closely misses you.
Something hits you. The orc attacks as you move away!
The orc hits you with a +0 dagger. The orc closely misses you.
You see here an adder corpse.
You're too confused to move!
You feel less confused.
The orc barely misses you. x2; The orc closely misses you.
2347 ||| INVOKING Berserk.
You fail to use your ability.
The orc hits you with a +0 dagger.
You die...

....... ........#
........# ........#
........###
.......... .##
........o####.....
........{o@...#
.........o###.#
......%)...<..#
...........##......
................##.
###......#.....##
#.##.#.#####.# ...
#.#.. # #. ..#.?


You could see 3 orcs.

Vanquished Creatures
  An adder (D:3)
  A worm (D:2)
  2 dart slugs (D:1)
  An orc (D:3)
  5 ball pythons
  4 endoplasms (D:1)
  4 goblins
  4 hobgoblins (D:1)
  3 kobolds
  2 quokkas (D:2)
  4 bats
  2 frilled lizards
  4 rats
37 creatures vanquished.

Notes
Turn   | Place    | Note
-------+----------+-------------------------------------------
     0 | D:1      | qw the Gargoyle Berserker began the quest for the Orb.
     0 | D:1      | Reached XP level 1. HP: 14/14 MP: 1/1
     0 | D:1      | 0 ||| qw: Version: 0.1-a-108-g9e35731
     0 | D:1      | 0 ||| qw: Game counter: 6559
     0 | D:1      | 0 ||| qw: Always use a shield: true
     0 | D:1      | 0 ||| qw: Do Orc after D:15 true
     0 | D:1      | 0 ||| qw: Do second Lair branch before Depths: true
     0 | D:1      | 0 ||| qw: Lair rune preference: random
     0 | D:1      | 0 ||| qw: Plans: Normal
     0 | D:1      | 0 ||| PLANNING D:1-11
    42 | D:1      | 42 ||| Stepping ~*~*~tactically~*~*~ (stealth).
    44 | D:1      | 44 ||| Stepping ~*~*~tactically~*~*~ (stealth).
    48 | D:1      | 48 ||| Stepping ~*~*~tactically~*~*~ (stealth).
    51 | D:1      | Reached skill level 3 in Axes
    65 | D:1      | Reached XP level 2. HP: 14/19 MP: 2/2
    70 | D:1      | 70 ||| INVOKING Berserk.
   699 | D:1      | 699 ||| DROPPING +0 mace.
   850 | D:1      | Reached XP level 3. HP: 20/23 MP: 3/3
  1230 | D:1      | 1230 ||| UPGRADING to +0 leather armour.
  1240 | D:1      | 1240 ||| DROPPING +0 animal skin.
  1241 | D:1      | 1241 ||| READING scroll labelled FUNGYQEY TAXIOWU.
  1244 | D:1      | 1244 ||| READING 2 scrolls labelled ECEPPE VEITT.
  1245 | D:1      | 1245 ||| READING scroll labelled TUMAOM TEVAJ.
  1246 | D:1      | 1246 ||| DROPPING scroll of magic mapping.
  1283 | D:2      | 1283 ||| STAIRDANCE
  1391 | D:2      | 1391 ||| INVOKING Berserk.
  1612 | D:2      | Reached skill level 4 in Axes
  1736 | D:2      | 1736 ||| INVOKING Berserk.
  1966 | D:2      | Reached ** piety under Trog
  1989 | D:2      | Found a faded altar of an unknown god.
  2193 | D:2      | 2193 ||| UPGRADING to +0 pair of gloves.
  2198 | D:2      | 2198 ||| READING scroll labelled CAKOUPR DUNIT.
  2199 | D:2      | 2199 ||| READING scroll labelled HAYZEDIEGAF.
  2344 | D:3      | HP: 4/23 [orc/+0 war axe (7)]
  2345 | D:3      | HP: 1/23 [orc/+0 dagger (1)]
  2347 | D:3      | 2347 ||| INVOKING Berserk.
  2347 | D:3      | Slain by an orc

Levels and vault maps discovered:
D:1:      psy_arrival_dodecagon, layout_loops_ring
D:2:      layout_rooms, hellmonk_ecumenical_altar_prayer_group
D:3:      layout_basic, marbit_many_paths

Skill      XL: |  1  2  3 |
---------------+----------+-----
Axes           | 3 4 |  4.3
Fighting       | |  3.2
Armour         | |  2.1
Dodging        | |  1.5

Action                   || total
-------------------------++-------
Melee: Hand axe          ||   137
       Punch             ||     1
Invok: Berserk           ||     3
  Use: Scroll            ||     5
Armor: Animal skin       ||    28
       Leather armour    ||    33
Dodge: Dodged            ||    79

Table legend:
 A = Non-vault XP
 B = Vault XP
 C = Vault XP percentage of total XP
 D = Non-vault monster count
 E = Vault monster count
 F = Vault count percentage of total count
                 A         B        C        D         E       F
            +---------+---------+-------+---------+---------+-------
      Total |      78 |       2 |   2.5 |      36 |       1 |   2.7
            +---------+---------+-------+---------+---------+-------
        D:1 |      43 |       0 |   0.0 |      25 |       0 |   0.0
        D:2 |      17 |       2 |  10.5 |       8 |       1 |  11.1
        D:3 |      18 |       0 |   0.0 |       3 |       0 |   0.0
            +---------+---------+-------+---------+---------+-------
